 Dungeon Crawl Stone Soup version 0.16.2-12-gd0ad4c3 (webtiles) character file.

89 faibistes the Skirmisher (level 4, -2/45 HPs)
             Began as an Ogre Warper on Dec 10, 2017.
             Slain by a gnoll
             ... wielding a +0 spear
              (6 damage)
             ... on level 2 of the Dungeon.
             The game lasted 00:04:15 (1859 turns).

faibistes the Skirmisher (Ogre Warper)              Turns: 1859, Time: 00:04:16

Health: -2/45      AC:  3    Str: 16    XL:     4   Next: 55%
Magic:  6/9        EV: 10    Int: 13    God:
Gold:   28         SH:  0    Dex:  9    Spells: 4 memorised, 1 level left

rFire  . . .     SeeInvis .     a - +0 mace
rCold  . . .     Clarity  .     b - +0 robe
rNeg   . . .     SustAb   .     (shield restricted)
rPois  .         Gourm    .     (helmet restricted)
rElec  .         Spirit   .     (no cloak)
rCorr  .         Warding  .     (gloves unavailable)
rMut   .         Stasis   .     (boots unavailable)
MR     .....                    (no amulet)
Stlth  +.........               (no ring)
                                (no ring)

@: not resistant to hostile enchantments, very unstealthy
A: unfitting armour, tough skin 1
a: no special abilities


You were on level 2 of the Dungeon.
You were not hungry.

You visited 1 branch of the dungeon, and saw 3 of its levels.

You collected 28 gold pieces.

Inventory:

Hand weapons
 a - a +0 mace (weapon)
Missiles
 e - 4 tomahawks of dispersal
 m - 23 stones (quivered)
Armour
 b - a +0 robe (worn)
Scrolls
 d - a scroll of blinking
 g - a scroll of noise {unknown}
 h - a scroll of recharging {unknown}
 j - a scroll of immolation {unknown}
Potions
 k - a potion of haste {unknown}
 l - a potion of curing {unknown}
Books
 c - a book of Spatial Translocations

   Spells                             Type                      Level
   a - Apportation                    Translocation                1
   b - Blink                          Translocation                2
   c - Shroud of Golubria             Charms/Translocation         2
   d - Portal Projectile              Translocation                3
   e - Teleport Other                 Translocation                3
   f - Passage of Golubria            Translocation                4
Comestibles
 f - 2 meat rations
 i - 3 chunks of flesh


   Skills:
 + Level 3.3 Fighting
 * Level 3.2 Maces & Flails
 * Level 2.1 Throwing
 + Level 1.3 Armour
 - Level 1.7 Dodging
 * Level 3.0 Spellcasting
 * Level 2.7 Translocations


You had one spell level left.
You knew the following spells:

 Your Spells              Type           Power        Failure   Level  Hunger
a - Apportation           Tloc           #.........   10%         1    #......
b - Teleport Other        Tloc           #.......     28%         3    ###....
c - Shroud of Golubria    Chrm/Tloc      #.........   21%         2    ###....
d - Blink                 Tloc           N/A          14%         2    ###....


Dungeon Overview and Level Annotations

Branches:
Dungeon (3/15)

Altars:

Annotations:
D:3 faibistes' ghost, average OgWr


Innate Abilities, Weirdness & Mutations

You are too large for most types of armour.
You have tough skin (AC +1).


Message History

The gnoll hits you from afar with a spear.
Casting: Shroud of Golubria
Confirm with . or Enter, or press ? or * to list all spells.
Space distorts slightly along a thin shroud covering your body.
The gnoll closely misses you. The gnoll completely misses you.
The gnoll hits you with a spear!
You hit the gnoll.
The gnoll is moderately wounded.
The gnoll hits you with a spear.
* * * LOW HITPOINT WARNING * * *
Your shroud falls apart!
You hit the gnoll.
The gnoll is severely wounded.
The gnoll hits you with a spear!
* * * LOW HITPOINT WARNING * * *
You hit the gnoll.
The gnoll is almost dead.
The gnoll hits you with a spear.
You die...

#..................
#..........########
########.##)..#
#.##...# ..
#.##)..##########.#
#.#[†)..##........#
#.#[>...##.......#
##.#.....##.......###
#..g@................
#.........#.......##
#.[PP....#.........#
#...$.####...##.######
#.#.### #............
#... #....>....###
###. #..^##....... #.
#.######.###. ...# .#


You could see a gnoll.

Vanquished Creatures
  A hound skeleton (D:2)
  3 gnolls (D:2)
  2 giant mites
  4 orcs (D:2)
  2 bats
  A bat zombie (D:2)
  A goblin (D:1)
  5 hobgoblins
  A ball python (D:1)
  2 giant geckos
  A giant newt (D:2)
  7 jackals
  A quokka skeleton (D:2)
31 creatures vanquished.

Notes
Turn   | Place    | Note
--------------------------------------------------------------
     0 | D:1      | faibistes, the Ogre Warper, began the quest for the Orb.
     0 | D:1      | Reached XP level 1. HP: 22/22 MP: 3/3
    41 | D:1      | Reached skill level 1 in Armour
   178 | D:1      | Reached XP level 2. HP: 13/29 MP: 5/5
   183 | D:1      | Learned a level 2 spell: Blink
   186 | D:1      | Learned a level 2 spell: Shroud of Golubria
   989 | D:1      | Reached skill level 3 in Fighting
  1065 | D:2      | Reached XP level 3. HP: 16/37 MP: 6/6
  1690 | D:2      | Reached XP level 4. HP: 36/45 MP: 5/8
  1709 | D:2      | Learned a level 3 spell: Teleport Other
  1816 | D:3      | Noticed faibistes' ghost (average OgWr)
  1859 | D:2      | Slain by a gnoll

Action                   |  1- 3 |  4- 6 || total
-------------------------+-------+-------++-------
Melee: Mace              |    80 |    19 ||    99
Throw: Stone             |     4 |       ||     4
       Tomahawk          |     1 |       ||     1
 Cast: Shroud of Golubri |     6 |     3 ||     9
  Eat: Chunk             |     3 |     1 ||     4
